 Dungeon Crawl Stone Soup version 0.24-a0-537-g2d01d4ab0a (webtiles) character file.

Game seed: 17398232536229734291

4 Mithandil the Skirmisher (level 1, 0/18 HPs)
             Began as a Demonspawn Abyssal Knight on Aug 15, 2019.
             Was an Initiate of Lugonu.
             Slain by a jackal (1 damage)
             ... on level 2 of the Dungeon.
             The game lasted 00:02:06 (383 turns).

Mithandil the Skirmisher (Demonspawn Abyssal Knight) Turns: 383, Time: 00:02:07

Health: 0/18       AC:  3    Str: 12    XL:     1   Next: 58%
Magic:  2/2        EV: 11    Int: 13    God:    Lugonu [......]
Gold:   0          SH:  0    Dex: 12    Spells: 0/0 levels left

rFire    + . .     SeeInvis .   a - +1 falchion
rCold    x . .     Gourm    .   (no shield)
rNeg     . . .     Faith    .   f - +0 leather armour
rPois    .         Spirit   .   (no helmet)
rElec    .         Reflect  .   (no cloak)
rCorr    .         Harm     .   (no gloves)
MR       .....                  (no boots)
Stlth    +.........             (no amulet)
HPRegen  0.06/turn              d - ring of fire
MPRegen  0.08/turn              (no ring)

@: no status effects
A: no striking features
a: Renounce Religion


You were on level 2 of the Dungeon.
You worshipped Lugonu.
Lugonu was noncommittal.
You were not hungry.

You visited 1 branch of the dungeon, and saw 2 of its levels.
You visited the Abyss 1 time.

Inventory:

Hand Weapons
 a - a +1 falchion (weapon)
 b - a +0 hunting sling
 j - a +0 club
Missiles
 e - a throwing net (quivered)
 h - 9 stones
Armour
 f - a +0 leather armour (worn)
Jewellery
 d - a ring of fire (left hand)
Scrolls
 g - a scroll of fear {unknown}
Comestibles
 c - a ration


   Skills:
 + Level 3.0 Fighting
 * Level 1.8 Long Blades
 + Level 0.1 Throwing
 + Level 1.8 Armour
 + Level 1.0 Dodging
 + Level 0.1 Stealth
 + Level 0.1 Unarmed Combat
 + Level 2.5 Invocations


You couldn't memorise any spells.
You didn't know any spells.
Your spell library was empty.

Dungeon Overview and Level Annotations

Branches:
Dungeon (2/15)

Altars:


Message History

The jackal closely misses you.
You barely miss the jackal.
The jackal is lightly wounded.
The jackal closely misses you.
You riposte.
You miss the jackal.
The jackal is lightly wounded.
The jackal completely misses you.
You riposte.
You barely miss the jackal.
The jackal is lightly wounded.
You hit the jackal.
The jackal is severely wounded.
The jackal bites you but does no damage. x2
You closely miss the jackal.
The jackal is severely wounded.
The jackal bites you.
* * * LOW HITPOINT WARNING * * *
You closely miss the jackal.
The jackal is severely wounded.
The jackal barely misses you.
You riposte.
You miss the jackal.
The jackal is severely wounded.
The jackal bites you.
You die...

... ... .. .## ..
.... #. .....#.
#######
#..h######
#.....#
#†@†...####.....#
######<.÷.......#
#######...####
#.......#.#
..#######.# ..#
###


You could see a jackal.

Vanquished Creatures
  A giant cockroach (D:2)
  A jackal (D:2)
  A bat (D:2)
  A frilled lizard (D:1)
  A goblin (D:2)
5 creatures vanquished.

Notes
Turn   | Place    | Note
-------+----------+-------------------------------------------
     0 | Abyss:1  | Mithandil the Demonspawn Abyssal Knight began the quest for
                  | the Orb.
     0 | Abyss:1  | Reached XP level 1. HP: 18/18 MP: 2/2
     0 | Abyss:1  | Found a corrupted altar of Lugonu.
    87 | Abyss:1  | Noticed a neqoxec
    88 | D:1      | Escaped the Abyss
   379 | D:2      | Reached skill level 1 in Dodging
   383 | D:2      | Slain by a jackal

Levels and vault maps discovered:
D:1:      saegor_arrival_simple_c, layout_basic, minmay_cupped
D:2:      layout_rooms, old_standard_altar

Skill      XL: |  1 |
---------------+----+-----
Dodging        | 1 |  1.0
Fighting       | |  3.0
Long Blades    | |  1.8
Throwing       | |  0.1
Armour         | |  1.8
Stealth        | |  0.1
Unarmed Combat | |  0.1
Invocations    | |  2.5

Action                   || total
-------------------------++-------
Melee: Falchion          ||    18
Invok: Depart the Abyss  ||     1
Armor: Leather armour    ||    16
Dodge: Dodged            ||    29
       Rpst.: Falchion   ||     6

Table legend:
 A = Non-vault XP
 B = Vault XP
 C = Vault XP percentage of total XP
 D = Non-vault monster count
 E = Vault monster count
 F = Vault count percentage of total count
                 A         B        C        D         E       F
            +---------+---------+-------+---------+---------+-------
      Total |       7 |       0 |   0.0 |       5 |       0 |   0.0
            +---------+---------+-------+---------+---------+-------
        D:1 |       1 |       0 |   0.0 |       1 |       0 |   0.0
        D:2 |       6 |       0 |   0.0 |       4 |       0 |   0.0
            +---------+---------+-------+---------+---------+-------
